 Dungeon Crawl Stone Soup version bcrawl-1.29.2 (console) character file.

Game seed: 940171391260247237

349690 GodsVoicemail the Grappler (level 10, -34/103 HPs)
             Began as an Ent Earth Elementalist on Mar 1, 2021.
             Was an Elder of Cheibriados.
             Killed from afar by a wight (38 damage)
             ... with an exploding inner flame
             ... hexed by the player character
             ... on level 7 of the Dungeon.
             The game lasted 00:46:15 (6391 turns).

GodsVoicemail the Grappler (Ent Earth Elementalist) Turns: 6391, Time: 00:46:16

Health: -34/103    AC: 19    Str: 24    XL:     10   Next: 7%
Magic:  2/20       EV: 10    Int: 35    God:    Cheibriados [****..]
Gold:   210        SH:  0    Dex: 19    Spells: 8/23 levels left

rFire    . . .     SeeInvis .     - Branches (22.0)
rCold    . . .     Gourm    .   (no shield)
rNeg     + + +     Faith    .   (armour unavailable)
rPois    +         Spirit   .   D - +2 hat
rElec    .         Reflect  .   (no cloak)
rCorr    .         Harm     .   (gloves unavailable)
MR       +....                  (boots unavailable)
Stlth    ++........             r - amulet of the acrobat
HPRegen  0.27/turn              k - +6 ring of intelligence
MPRegen  0.17/turn              (no ring)

@: very slightly contaminated, very slow
A: large, slow actions, passwall, negative energy resistance 3, poison
resistance, slow metabolism 1, torment resistance, unbreathing, AC +17
a: Passwall, Bend Time, Temporal Distortion, Slouch, Renounce Religion


You were on level 7 of the Dungeon.
You worshipped Cheibriados.
Cheibriados was greatly pleased with you.
You were not hungry.

You visited 2 branches of the dungeon, and saw 8 of its levels.

You collected 485 gold pieces.
You spent 275 gold pieces at shops.

Inventory:

Missiles
 b - 2292 stones
 f - 304 arrows
 s - 136 poisoned needles
 x - 86 poisoned tomahawks (quivered)
Armour
 g - a +0 large shield
 D - a +2 hat (worn)
Jewellery
 k - a +6 ring of intelligence (left hand)
 r - an amulet of the acrobat (around neck)
Wands
 d - a wand of random effects (7)
 p - a wand of flame (22)
 B - a wand of scattershot (4)
Scrolls
 a - a scroll of noise
 c - 2 scrolls of remove curse
 i - 4 scrolls of identify
 l - 2 scrolls of immolation
 o - 3 scrolls of blinking {unknown}
 q - 2 scrolls of enchant armour {unknown}
 v - 3 scrolls of teleportation {unknown}
 y - a scroll of fog {unknown}
 C - a scroll of fear {unknown}
Potions
 h - 2 potions of curing {unknown}
 j - 4 potions of heal wounds {unknown}
 m - a potion of might {unknown}
 t - a potion of lignification {unknown}
 u - 2 potions of degeneration {unknown}
 w - a potion of magic {unknown}
 z - a potion of agility {unknown}
 E - a potion of cancellation {unknown}
Comestibles
 e - 16 rations {!d}


   Skills:
 + Level 5.1 Fighting
 - Level 1.7 Dodging
 - Level 2.4 Stealth
 * Level 8.7 Unarmed Combat
 + Level 7.1 Spellcasting
 - Level 1.9 Transmutations
 - Level 8.0 Earth Magic
 + Level 6.3 Invocations


You had 8 spell levels left.
You knew the following spells:

 Your Spells              Type           Power        Failure   Level  Hunger
a - Sandblast             Erth           ######       1%          1    None
b - Stone Arrow           Conj/Erth      #####.       1%          3    None
c - Petrify               Tmut/Erth      #####.....   4%          4    ###....
d - Sticks to Snakes      Tmut           ####....     2%          2    None
e - Lee's Rapid Deconstr  Erth           ######....   3%          5    #####..

Your spell library contained the following spells:

 Spells                   Type           Power        Failure   Level  Hunger
 Beastly Appendage        Tmut           Unusable     N/A         1    N/A
 Passwall                 Tmut/Erth      Unusable     N/A         2    N/A
 Spider Form              Tmut/Pois      Unusable     N/A         3    N/A
 Ice Form                 Ice/Tmut       Unusable     N/A         4    N/A
 Blade Hands              Tmut           Unusable     N/A         5    N/A

Dungeon Overview and Level Annotations

Branches:
Dungeon (7/12)             Temple (1/1) D:5
   Lair: D:7-9

Altars:
Ashenzari
Cheibriados
Dithmenos
Elyvilon
Fedhas
Gozag
Kikubaaqudgha
Lugonu
Makhleb
Nemelex Xobeh
Okawaru
Qazlal
Ru
Sif Muna
Trog
Vehumet
Wu Jian
Xom
Yredelemnul
Zin
The Shining One

Shops:
D:4 =::!:   D:6 !

Annotations:
D:2 exclusions: downstairs and worker ant
D:3 exclusion: upstairs, Sigmund
D:7 1 runed door, 2 transporters, Grum; Morbidden's ghost, novice DgFi


Innate Abilities, Weirdness & Mutations

You move and act slowly.
You can pass through walls and trees.
Your thick bark is tough. (AC +17)
You are too large for most types of armour.
You are immune to negative energy. (rN+++)
Your system is resistant to poisons. (rPois)
You have a slow metabolism.
You are immune to unholy pain and torment.
You can survive without breathing.


Message History

The burst of metal fragments hits the wight!
The wight explodes!
The fiery explosion engulfs the wight!!!
The wight explodes!
The fiery explosion engulfs your ball python!!!
You kill your ball python!
The fiery explosion engulfs the wight!!
The wight explodes!
The fiery explosion engulfs you!!
Cheibriados thoroughly appreciates the change of pace.
The fiery explosion engulfs the wight!!
The wight explodes!
The fiery explosion engulfs you!!
* * * LOW HITPOINT WARNING * * *
Cheibriados appreciates the change of pace.
The fiery explosion engulfs you.
* * * LOW HITPOINT WARNING * * *
Cheibriados appreciates the change of pace.
The fiery explosion engulfs you!!!
You die...

#.####.####...#..
######...[.........+..
#.................##..
#.................####
#...................<.
#.....................
######..§§§§...............
#.......§§§§§..............
#.......§§@§§..............
#.........§zS..........##..
#.........................≈
#.........................≈
#.........................≈
#.........................≈
#.........................≈
#.........................≈
###########...............≈


You could see a wight (inner flame) and a friendly ball python.

Vanquished Creatures
  Pikel (D:6)
  2 trolls
  A hippogriff (D:6)
  3 hungry ghosts
  Menkaure (D:7)
  A soldier ant (D:6)
  An ice beast (D:7)
  A sky beast (D:5)
  2 slaves (D:6)
  3 ogres
  3 bullfrogs
  A big kobold (D:5)
  A gnoll sergeant (D:5)
  A scorpion (D:6)
  A water moccasin skeleton (D:5)
  8 killer bees
  6 wights
  A quasit (D:7)
  A bullfrog zombie (D:7)
  2 crimson imps (D:5)
  3 hounds
  2 orc priests
  2 centaur skeletons (D:7)
  2 jellies (D:7)
  7 orc wizards
  2 bullfrog skeletons
  Terence (D:3)
  8 worker ants
  11 adders
  4 gnolls (D:3)
  A howler monkey skeleton (D:5)
  A shadow imp (D:6)
  An ooze (D:3)
  An adder zombie (D:6)
  2 worms
  3 dart slugs
  5 leopard geckos
  20 orcs
  4 ball pythons
  4 giant cockroaches
  6 goblins
  6 hobgoblins
  17 jackals
  3 quokkas
  5 bats
  2 frilled lizards (D:1)
  A jackal skeleton (D:5)
  A jackal zombie (D:6)
  10 kobolds
  2 quokka skeletons
  3 rats
181 creatures vanquished.

Vanquished Creatures (others)
  A hobgoblin (D:3)
  6 plants (D:7)
7 creatures vanquished.

Grand Total: 188 creatures vanquished

Notes
Turn   | Place    | Note
-------+----------+-------------------------------------------
     0 | D:1      | GodsVoicemail the Ent Earth Elementalist began the quest
                  | for the Orb.
     0 | D:1      | Reached XP level 1. HP: 18/18 MP: 3/3
   182 | D:1      | Reached XP level 2. HP: 26/26 MP: 3/5
  1064 | D:2      | Reached XP level 3. HP: 30/33 MP: 6/6
  1139 | D:2      | Learned a level 3 spell: Stone Arrow
  1510 | D:3      | Reached skill level 1 in Unarmed Combat
  1545 | D:3      | Noticed Terence
  1588 | D:3      | Noticed Sigmund
  1647 | D:3      | Reached skill level 5 in Earth Magic
  1647 | D:3      | Reached XP level 4. HP: 42/42 MP: 5/8
  1991 | D:3      | Reached XP level 5. HP: 43/49 MP: 1/9
  2208 | D:3      | Killed Terence
  2467 | D:4      | Noticed a hungry ghost
  2475 | D:4      | Killed a hungry ghost
  2476 | D:4      | Reached XP level 6. HP: 53/57 MP: 0/11
  2556 | D:4      | Found Keech's Book Boutique.
  2594 | D:4      | Found Ekeog's Book Emporium.
  2610 | D:4      | Learned a level 4 spell: Petrify
  2892 | D:4      | Found Dinaoc's Book Shop.
  3004 | D:4      | Found Pika's Distillery.
  3150 | D:4      | Bought a book of Changes for 275 gold pieces
  3156 | D:4      | Learned a level 2 spell: Sticks to Snakes
  3188 | D:4      | Found Obaenkus's Jewellery Shoppe.
  3385 | D:5      | Entered Level 5 of the Dungeon
  3406 | D:5      | Noticed a sky beast
  3429 | D:5      | Found a staircase to the Ecumenical Temple.
  3445 | Temple   | Entered the Ecumenical Temple
  3502 | Temple   | Became a worshipper of Cheibriados the Contemplative
  3558 | D:5      | Reached XP level 7. HP: 64/64 MP: 10/13
  3583 | D:5      | Reached skill level 1 in Invocations
  3765 | D:5      | Reached skill level 5 in Unarmed Combat
  4041 | D:5      | Reached skill level 1 in Fighting
  4046 | D:5      | Reached XP level 8. HP: 63/75 MP: 4/15
  4303 | D:6      | Reached * piety under Cheibriados
  4378 | D:6      | Reached skill level 5 in Spellcasting
  4499 | D:6      | Learned a level 5 spell: Lee's Rapid Deconstruction
  4558 | D:6      | Found Iboalam's Distillery.
  4688 | D:6      | Reached ** piety under Cheibriados
  4857 | D:6      | Noticed a hippogriff
  4862 | D:6      | Killed a hippogriff
  5292 | D:6      | Reached XP level 9. HP: 89/89 MP: 13/17
  5383 | D:6      | Noticed Pikel
  5396 | D:6      | Killed Pikel
  5397 | D:6      | Reached skill level 5 in Invocations
  5447 | D:6      | Found a glowing golden altar of the Shining One.
  5557 | D:7      | Noticed a troll
  5561 | D:7      | Killed a troll
  5570 | D:7      | Noticed a troll
  5623 | D:6      | Killed a troll
  5766 | D:7      | Noticed Menkaure
  5773 | D:7      | Killed Menkaure
  5835 | D:7      | Reached *** piety under Cheibriados
  6019 | D:7      | Reached skill level 5 in Fighting
  6032 | D:7      | Reached XP level 10. HP: 79/103 MP: 16/20
  6171 | D:7      | Found a runed door.
  6223 | D:7      | Found a transporter.
  6224 | D:7      | Found a transporter.
  6226 | D:7      | Noticed Grum
  6228 | D:7      | Identified the +1 ring mail "Wutz" {+Fly rElec rPois
                  | Stlth-}
  6228 | D:7      | Identified the +6 medium shield of Ennui {rElec rPois
                  | Dex+4}
  6234 | D:7      | Identified the amulet of Vehumet's Generosity {Regen Str+8}
  6237 | D:7      | Noticed Morbidden's ghost (novice DgFi)
  6276 | D:7      | Reached **** piety under Cheibriados
  6391 | D:7      | HP: 4/103 [wight/exploding inner flame[the player
                  | character] (6)]
  6391 | D:7      | Killed from afar by a wight

Skill      XL: |  1  2  3  4  5  6  7  8  9 |
---------------+----------------------------+-----
Earth Magic    | 4 5 6 7 8 |  8.0
Unarmed Combat | 1 2 3 4 5 6 8 |  8.7
Spellcasting   | 3 4 5 7 |  7.1
Invocations    | 2 4 6 |  6.3
Fighting       | 1 3 5 |  5.1
Dodging        | |  1.7
Stealth        | |  2.4
Transmutations | |  1.9

Action                   |  1- 3 |  4- 6 |  7- 9 | 10-12 || total
-------------------------+-------+-------+-------+-------++-------
Melee: Whip              |    30 |       |       |       ||    30
       Unarmed           |     1 |   107 |   212 |    16 ||   336
       Mace              |    61 |    67 |       |       ||   128
       Punch             |       |     2 |     9 |     1 ||    12
 Cast: Sandblast         |    26 |    23 |    40 |       ||    89
       Stone Arrow       |       |     5 |    31 |     4 ||    40
       Lee's Rapid Decon |       |       |     6 |       ||     6
       Sticks to Snakes  |       |       |     1 |     2 ||     3
       Petrify           |       |       |       |     2 ||     2
Invok: Bend Time         |       |       |     5 |     1 ||     6
  Use: Potion            |       |     2 |       |       ||     2
       Scroll            |       |     2 |       |     2 ||     4
 Stab: Sleeping          |     5 |     1 |     1 |       ||     7
       Petrified         |       |       |       |     2 ||     2
  Eat: Chunk             |     4 |    11 |    17 |     2 ||    34
       Ration            |       |     1 |       |       ||     1
Armor: Skin              |    60 |   149 |   197 |    24 ||   430
Dodge: Dodged            |    48 |   159 |   402 |    11 ||   620
